 Dungeon Crawl Stone Soup version 0.25.1-1-g288607f5aa (webtiles) character file.

Game seed: 14107253308167411500

11737 DildoBatman the Protected (level 12, -4/95 HPs)
             Began as a Formicid Wizard on July 22, 2020.
             Was a High Priest of Kikubaaqudgha.
             Slain by an orc warlord
             ... wielding a +0 war axe
              (23 damage)
             ... on level 1 of the Orcish Mines.
             The game lasted 00:48:28 (12891 turns).

DildoBatman the Protected (Formicid Wizard)        Turns: 12891, Time: 00:48:29

Health: -4/95      AC: 10    Str: 12    XL:     12   Next: 11%
Magic:  8/17       EV: 17    Int: 30    God:    Kikubaaqudgha [*****.]
Gold:   704        SH:  5    Dex: 17    Spells: 2/18 levels left

rFire    + . .     SeeInvis +   a - +5 dagger "Fituxock" {elec, Dex+6}
rCold    . . .     Gourm    .   F - +0 buckler {AC+3}
rNeg     . . .     Faith    .   o - +1 troll leather armour
rPois    .         Spirit   .   (helmet unavailable)
rElec    .         Reflect  .   Q - -4 cloak of Nemelex Xobeh's Scorn {rF+ Regen+ Int+7}
rCorr    +         Harm     .   p - +0 pair of gloves
MR       +....                  m - +0 pair of boots
Stlth    ++++......             (no amulet)
HPRegen  1.05/turn              g - ring of resist corrosion
MPRegen  0.15/turn              t - ring of stealth

@: no status effects
A: permanent stasis, dig shafts and tunnels, four strong arms, antennae 3, thin
skeletal structure 1, shaggy fur 1, MP-powered wands
a: Dig, Shaft Self, Receive Corpses, Torment, Renounce Religion


You were on level 1 of the Orcish Mines.
You worshipped Kikubaaqudgha.
Kikubaaqudgha was extremely pleased with you.
You were not hungry.

You visited 3 branches of the dungeon, and saw 12 of its levels.
You also visited: Sewer.

You collected 1005 gold pieces.
You spent 301 gold pieces at shops.

Inventory:

Hand Weapons
 a - the +5 dagger "Fituxock" (weapon) {elec, Dex+6}
   (You found it on level 4 of the Dungeon)

   Occasionally, upon striking a foe, it will discharge some electrical energy
   and cause terrible harm.
   It affects your dexterity (+6).
 b - a +3 halberd
 c - a +0 shortbow
 e - the +0 dagger of the Shining Light {freeze, rElec rPois MR+++ Int-3}
   (You found it on level 10 of the Dungeon)

   It has been specially enchanted to freeze those struck by it, causing extra
   injury to most foes and up to half again as much damage against particularly
   susceptible opponents.
   It can also slow down cold-blooded creatures.
   It affects your intelligence (-3).
   It insulates you from electricity.
   It protects you from poison.
   It affects your resistance to hostile enchantments.
 f - a +2 hand crossbow of freezing
Missiles
 h - 64 sling bullets
 i - 53 poisoned darts (quivered)
 j - 156 arrows
 n - 485 stones
 G - 32 bolts
Armour
 m - a +0 pair of boots (worn)
 o - a +1 troll leather armour (worn)
 p - a +0 pair of gloves (worn)
 F - a +0 buckler of protection (worn)
 Q - the -4 cloak of Nemelex Xobeh's Scorn (worn) {rF+ Regen+ Int+7}
   (You found it on level 4 of the Dungeon)

   It affects your intelligence (+7).
   It protects you from fire.
   It increases your rate of regeneration.
Jewellery
 g - a ring of resist corrosion (left hand)
 t - a ring of stealth (right hand)
Wands
 r - a wand of flame (59)
 s - a wand of disintegration (13)
 E - a wand of iceblast (15)
 I - a wand of paralysis (20)
Scrolls
 l - 2 scrolls of immolation
 x - 3 scrolls of remove curse
 y - a scroll of enchant armour
 z - a scroll of identify
 M - 4 scrolls of amnesia
 N - a scroll of fog
 O - a scroll of enchant weapon
Potions
 k - 4 potions of curing
 q - a potion of magic {unknown}
 u - 2 potions of stabbing {unknown}
 w - 4 potions of heal wounds {unknown}
 D - 3 potions of ambrosia {unknown}
 H - 4 potions of might {unknown}
 J - 2 potions of lignification {unknown}
 K - 2 potions of brilliance {unknown}
 L - a potion of flight
 R - a potion of resistance {unknown}
Miscellaneous
 P - a tin of tremorstones (3/3)
Comestibles
 d - 8 chunks of flesh
 v - 22 rations


   Skills:
 * Level 9.0 Fighting
 * Level 9.0 Armour
 * Level 7.8 Dodging
 - Level 2.4 Stealth
 - Level 3.0 Shields
 * Level 3.9 Spellcasting
 - Level 5.3 Conjurations
   Level 1.0 Summonings
 - Level 5.1 Necromancy
   Level 0.8 Translocations
 - Level 5.0 Fire Magic
 - Level 5.0 Air Magic


You had 2 spell levels left.
You knew the following spells:

 Your Spells              Type           Power        Failure   Level  Hunger
a - Conjure Flame         Conj/Fire      #####...     3%          3    ##.....
c - Magic Dart            Conj           ####         1%          1    None
d - Vampiric Draining     Necr           #####.....   3%          3    ##.....
e - Mephitic Cloud        Conj/Pois/Air  ####....     6%          3    ##.....
h - Dispel Undead         Necr           #####...     10%         4    ####...
z - Sublimation of Blood  Necr           #####.....   1%          2    None

Your spell library contained the following spells:

 Spells                   Type           Power        Failure   Level  Hunger
 Animate Skeleton         Necr           N/A          1%          1    None
 Pain                     Necr           ####         1%          1    None
 Corpse Rot               Necr/Air       N/A          1%          2    None
 Poisonous Vapours        Pois/Air       ###...       4%          2    None
 Sting                    Tmut/Pois      #...         9%          1    None
 Call Imp                 Summ           ##......     9%          2    None
 Slow                     Hex            #.......     12%         2    None
 Stone Arrow              Conj/Erth      ###...       9%          3    ##.....
 Animate Dead             Necr           N/A          10%         4    ####...
 Ignite Poison            Fire/Tmut/Pois ###.....     12%         3    ##.....
 Excruciating Wounds      Chrm/Necr      ###.......   61%         5    #####..
 Olgreb's Toxic Radiance  Pois           #.......     63%         4    ####...
 Summon Forest            Summ/Tloc      ##........   83%         5    #####..
 Death Channel            Necr           #####.....   83%         6    #######
 Simulacrum               Ice/Necr       ###.......   99%         6    #######
 Eringya's Noxious Bog    Tmut/Pois      #.........   100%        6    #######
 Hydra Form               Tmut           #.........   100%        6    #######
 Summon Hydra             Summ           ##........   100%        7    #######
 Blink                    Tloc           Unusable     N/A         2    N/A

Dungeon Overview and Level Annotations

Branches:
Dungeon (10/15)            Temple (1/1) D:4            Lair (0/6) D:8
    Orc (1/2) D:10          Sewer (visited)

Altars:
Ashenzari
Cheibriados
Dithmenos
Elyvilon
Fedhas
Gozag
Hepliaklqana
Kikubaaqudgha
Makhleb
Nemelex Xobeh
Okawaru
Qazlal
Ru
Sif Muna
Trog
Uskayaw
Vehumet
Wu Jian
Xom
Yredelemnul
Zin
The Shining One

Shops:
D:5 :(!   D:7 %   D:9 (   D:10 [(


Innate Abilities, Weirdness & Mutations

You cannot be hasted, slowed, berserked, paralysed or teleported.
You can dig through walls and to a lower floor.
Your four strong arms can wield two-handed weapons with a shield.
You have a pair of large antennae on your head. (SInv)
You have a somewhat thin skeletal structure. (Dex +2, Stealth)
You are covered in fur. (AC +1)
You expend magic power (3 MP) to strengthen your wands.


Message History

The orc warlord is severely wounded.
The orc warlord is engulfed in blazing flames.
The orc warlord hits you with a +0 war axe!!
You hear a howl!
You hit the orc warlord but do no damage.
Lightning courses through the orc warlord!!
The orc warlord is severely wounded.
The orc warlord is engulfed in blazing flames.
The orc warlord hits you but does no damage.
You hit the orc warlord but do no damage.
Lightning courses through the orc warlord!
The orc warlord is almost dead.
The orc warlord is engulfed in blazing flames.
The orc warlord hits you with a +0 war axe!
You feel better.
You barely miss the orc warlord.
The orc warlord is almost dead.
The orc warlord hits you with a +0 war axe!!
You die...
Kikubaaqudgha rasps: "You have failed me!
Welcome... death!"

##
##)#.##.{{{O#
#
##.###.#.##{o.
##)##
##{.{{{.o
##.## ##.##{oo
#.## ##..###..
##.# #....#...
####.##
##..#....
##.###.#
##...#....
##.#@#{##
#.........
#.###o##
##........
##.#)##
###.....#
##.#.# ###....
##### #.#..
#..... ##.#..
##... ##..


You could see an orc warlord.

Vanquished Creatures
  Snorg (D:10)
  A two-headed ogre (Orc:1)
  Pikel (D:6)
  An orc sorcerer (Orc:1)
  A cyclops (Orc:1)
  Maurice (D:9)
  A centaur skeleton (D:7)
  2 trolls (D:9)
  A hornet (D:10)
  4 yaks (D:8)
  Sigmund (D:5)
  A wyvern (D:10)
  Grum (D:9)
  2 basilisks (D:8)
  A warg (Orc:1)
  2 water moccasins
  4 porcupines (D:8)
  An ice beast (D:10)
  Purgy (Sewer)
  A black bear (D:10)
  4 orc warriors
  A sky beast (D:9)
  4 slaves (D:6)
  2 phantoms
  2 wolves (D:9)
  4 centaurs
  4 ogres
  14 big kobolds
  Blork the orc (D:6)
  2 crocodiles (D:8)
  6 bullfrogs
  A wyvern zombie (D:7)
  A wyvern skeleton (D:6)
  4 scorpions
  12 wights
  8 electric eels
  3 howler monkeys
  6 crimson imps
  A quasit (D:9)
  2 bullfrog skeletons
  A bullfrog zombie (D:10)
  5 orc priests
  Crazy Yiuf (D:5)
  5 hounds
  A jelly (D:10)
  13 orc wizards
  4 iguanas
  6 worker ants
  A howler monkey zombie (D:8)
  2 howler monkey skeletons
  17 adders
  2 gnolls (D:6)
  2 river rats (D:5)
  2 shadow imps (D:8)
  An ooze (D:2)
  An adder skeleton (D:4)
  2 dart slugs (D:1)
  6 leopard geckos
  41 orcs
  8 bats
  3 giant cockroaches
  7 goblins
  8 hobgoblins
  13 jackals
  54 kobolds
  4 quokkas
  4 ball pythons
  A ball python skeleton (D:4)
  7 frilled lizards
  A giant cockroach zombie (D:5)
  A jackal skeleton (D:5)
  A leopard gecko zombie (D:5)
  7 rats
  4 fungi (D:6)
347 creatures vanquished.

Vanquished Creatures (others)
  An electric eel (D:3)
  2 bushes (D:8)
  4 fungi (D:8)
  4 plants (D:8)
11 creatures vanquished.

Grand Total: 358 creatures vanquished

Notes
Turn   | Place    | Note
-------+----------+-------------------------------------------
     0 | D:1      | DildoBatman the Formicid Wizard began the quest for the
                  | Orb.
     0 | D:1      | Reached XP level 1. HP: 13/13 MP: 4/4
    57 | D:1      | Reached skill level 1 in Conjurations
   225 | D:1      | Reached XP level 2. HP: 17/19 MP: 0/6
   679 | D:1      | Reached XP level 3. HP: 16/24 MP: 0/7
   684 | D:1      | Learned a level 3 spell: Conjure Flame
   688 | D:1      | Learned a level 3 spell: Mephitic Cloud
  1563 | D:2      | Reached XP level 4. HP: 28/30 MP: 4/8
  2401 | D:3      | Found a transporter.
  2555 | D:3      | Found a transporter.
  2633 | D:3      | HP: 1/30 [adder (2)]
  2997 | D:3      | Reached XP level 5. HP: 10/35 MP: 0/9
  3794 | D:4      | Reached XP level 6. HP: 26/41 MP: 3/10
  3846 | D:4      | Reached skill level 5 in Conjurations
  4230 | D:4      | Found a staircase to the Ecumenical Temple.
  4244 | Temple   | Entered the Ecumenical Temple
  4331 | Temple   | Became a worshipper of Kikubaaqudgha
  4367 | D:4      | Got a translucent cloak
  4387 | D:4      | Got an encrusted dagger
  4388 | D:4      | Identified the +5 dagger "Fituxock" {elec, Dex+6} (You
                  | found it on level 4 of the Dungeon)
  4397 | D:4      | Identified the cursed -4 cloak of Nemelex Xobeh's Scorn
                  | {rF+ Regen+ Int+7} (You found it on level 4 of the Dungeon)
  4770 | D:5      | Entered Level 5 of the Dungeon
  4839 | D:5      | Found a white marble altar of Elyvilon.
  4871 | D:5      | Noticed Sigmund
  4887 | D:5      | Killed Sigmund
  4887 | D:5      | Reached skill level 1 in Air Magic
  4887 | D:5      | Reached XP level 7. HP: 31/46 MP: 6/11
  4896 | D:5      | Got a smouldering scale mail
  5031 | D:5      | Found Voofoa Azxi's Book Shop.
  5058 | D:5      | Found a glowing drain.
  5076 | Sewer    | Entered a sewer
  5162 | Sewer    | Noticed Purgy
  5172 | Sewer    | Killed Purgy
  5403 | D:5      | Found Kicroicw's Weapon Boutique.
  5510 | D:5      | Found a runed translucent door.
  5511 | D:5      | Noticed Crazy Yiuf
  5539 | D:5      | Killed Crazy Yiuf
  5539 | D:5      | Reached XP level 8. HP: 52/52 MP: 2/12
  5641 | D:5      | Found Etewoged's Distillery.
  5648 | D:5      | Bought a potion of degeneration for 13 gold pieces
  5648 | D:5      | Bought a potion of mutation for 104 gold pieces
  5648 | D:5      | Gained mutation: You are clumsy. (Dex -2) [potion of
                  | mutation]
  5648 | D:5      | Gained mutation: You are resistant to hostile enchantments.
                  | (MR+) [potion of mutation]
  5648 | D:5      | Lost mutation: You are clumsy. (Dex -2) [potion of
                  | mutation]
  5649 | D:5      | Lost mutation: You are resistant to hostile enchantments.
                  | (MR+) [potion of mutation]
  5649 | D:5      | Gained mutation: You have a somewhat thin skeletal
                  | structure. (Dex +2, Stealth) [potion of mutation]
  5649 | D:5      | Gained mutation: You expend magic power (3 MP) to
                  | strengthen your wands. [potion of mutation]
  5649 | D:5      | Gained mutation: You are covered in fur. (AC +1) [potion of
                  | mutation]
  6022 | D:6      | Noticed Pikel
  6038 | D:6      | Killed Pikel
  6038 | D:6      | Reached skill level 5 in Fire Magic
  6038 | D:6      | Reached skill level 5 in Air Magic
  6196 | D:6      | Reached skill level 1 in Fighting
  6196 | D:6      | Reached skill level 1 in Armour
  6204 | D:6      | Reached XP level 9. HP: 35/59 MP: 6/13
  6218 | D:6      | Noticed Blork the orc
  6464 | D:6      | Reached * piety under Kikubaaqudgha
  6464 | D:6      | Identified Kikubaaqudgha's Almanac of Evil Rituals
                  | (Kikubaaqudgha gifted it to you on level 6 of the Dungeon)
  6464 | D:6      | Received a gift from Kikubaaqudgha
  6529 | D:6      | Killed Blork the orc
  6982 | D:6      | Reached ** piety under Kikubaaqudgha
  7337 | D:6      | Reached skill level 5 in Armour
  7337 | D:6      | Reached XP level 10. HP: 73/73 MP: 12/14
  7843 | D:6      | Identified the +2 scale mail of the Realm of Zot {+Inv
                  | Int+4} (You found it on level 5 of the Dungeon)
  8009 | D:6      | Reached skill level 5 in Fighting
  8320 | D:6      | Reached skill level 5 in Dodging
  8349 | D:7      | Found Ygupsom's Food Emporium.
  9218 | D:8      | Reached *** piety under Kikubaaqudgha
  9218 | D:8      | Identified Kikubaaqudgha's Guide on Evil Arts
                  | (Kikubaaqudgha gifted it to you on level 8 of the Dungeon)
  9218 | D:8      | Received a gift from Kikubaaqudgha
  9227 | D:8      | Learned a level 4 spell: Dispel Undead
  9231 | D:8      | Learned a level 3 spell: Vampiric Draining
  9370 | D:8      | Reached skill level 1 in Necromancy
  9675 | D:8      | Found a staircase to the Lair.
  9857 | D:8      | Reached **** piety under Kikubaaqudgha
  9861 | D:8      | Reached XP level 11. HP: 77/84 MP: 7/15
 10456 | D:9      | Found an ancient bone altar of Kikubaaqudgha.
 10570 | D:9      | Noticed Grum
 10584 | D:9      | Killed Grum
 10594 | D:9      | Learned a level 2 spell: Sublimation of Blood
 10782 | D:9      | Found Baheunaw's Weapon Boutique.
 10890 | D:9      | Noticed Maurice
 10914 | D:9      | Killed Maurice
 11154 | D:10     | Entered Level 10 of the Dungeon
 11220 | D:10     | Reached ***** piety under Kikubaaqudgha
 11292 | D:10     | Noticed Snorg
 11410 | D:10     | Killed Snorg
 11494 | D:10     | Got a dazzling dagger
 11566 | D:10     | Found Conocwic's Armour Shop.
 11566 | D:10     | Found a staircase to the Orcish Mines.
 11582 | D:10     | Reached skill level 5 in Necromancy
 11618 | D:10     | Found Moogyffi's Weapon Shop.
 12088 | D:10     | Identified the cursed +0 dagger of the Shining Light
                  | {freeze, rElec rPois MR+++ Int-3} (You found it on level 10
                  | of the Dungeon)
 12091 | D:10     | Bought a +0 buckler of protection for 184 gold pieces
 12099 | Orc:1    | Entered Level 1 of the Orcish Mines
 12189 | Orc:1    | Reached skill level 1 in Shields
 12447 | Orc:1    | Noticed a cyclops
 12557 | Orc:1    | Killed a cyclops
 12597 | Orc:1    | Noticed an ettin
 12606 | Orc:1    | Noticed an orc sorcerer
 12636 | Orc:1    | Killed an orc sorcerer
 12735 | Orc:1    | Noticed a two-headed ogre
 12739 | Orc:1    | Noticed an orc warlord
 12751 | Orc:1    | Reached XP level 12. HP: 92/94 MP: 7/17
 12763 | Orc:1    | Killed a two-headed ogre
 12891 | Orc:1    | Slain by an orc warlord

Illustrated notes

Levels and vault maps discovered:
D:1:      lemuel_arrival_tunnels, layout_loops_corners
D:2:      layout_basic
D:3:      gammafunk_steamed_eel, layout_basic
D:4:      layout_layer_cave, temple_pool_b, first_ration
D:5:      layout_basic, elyvilon_altar_4, portal_sewer_entry_b, serial_shops,
          nicolae_shop_waterfront, shop, nicolae_shop_waterfront,
          nrook_campfire, uniq_crazy_yiuf_cottage, uniq_sigmund
D:6:      minmay_goblin_kobold_castle, layout_loops_ring, water_boxes_lemuel,
          uniq_pikel, uniq_blork_the_orc
D:7:      layout_loops_ring, serial_shops, nicolae_shop_stone,
          hangedman_abyss_or_decor_passed, hangedman_decor_diamond_cutter
D:8:      layout_gridville, minmay_lair_entry_grove, blue_anna_alchemist
          [blue_anna_fruit_fields, blue_anna_fruit_fields]
D:9:      layout_basic, basic_altar, serial_shops, nicolae_shop_window_shopping,
          uniq_grum, uniq_maurice
D:10:     layout_loops_ring, orc_david_3, uniq_snorg
Temple:   grunt_wide_crystal_templ
Orc:1:    layout_diamond_mine, gammafunk_ghost_necromancy

Skill      XL: |  1  2  3  4  5  6  7  8  9 10 11 12 |
---------------+-------------------------------------+-----
Conjurations   | 1 2 3 4 5 |  5.3
Fire Magic     | 2 3 5 |  5.0
Air Magic      | 1 3 5 |  5.0
Dodging        | 2 4 6 7 |  7.8
Fighting       | 1 4 7 8 9 |  9.0
Armour         | 1 5 7 8 9 |  9.0
Necromancy     | 2 5 |  5.1
Shields        | 3 |  3.0
Stealth        | |  2.4
Spellcasting   | |  3.9
Summonings     | |  1.0
Translocations | |  0.8

Action                   |  1- 3 |  4- 6 |  7- 9 | 10-12 || total
-------------------------+-------+-------+-------+-------++-------
Melee: Club              |    14 |     2 |       |       ||    16
       Short sword       |       |    43 |       |       ||    43
       Morningstar       |       |     9 |       |       ||     9
       Dagger            |       |     5 |   208 |   655 ||   868
       Trident           |       |       |    25 |       ||    25
       Halberd           |       |       |     7 |     3 ||    10
Throw: Dart              |       |       |       |    13 ||    13
 Cast: Magic Dart        |    81 |   108 |    98 |    72 ||   359
       Mephitic Cloud    |       |     5 |    23 |    27 ||    55
       Conjure Flame     |       |       |     8 |    17 ||    25
 Abil: Dig               |       |     3 |     8 |    36 ||    47
Evoke: Wand              |       |       |       |     1 ||     1
  Use: Potion            |       |     2 |     2 |     5 ||     9
       Scroll            |       |     4 |       |    13 ||    17
 Stab: Sleeping          |       |     1 |       |     3 ||     4
       Confused          |       |     3 |    11 |    20 ||    34
       Distracted        |       |       |     1 |       ||     1
  Eat: Chunk             |     2 |    11 |    10 |    22 ||    45
       Ration            |       |       |       |     2 ||     2
Armor: Robe              |     3 |    11 |     2 |       ||    16
       Scale mail        |       |       |       |    85 ||    85
       Troll leather arm |       |       |       |    63 ||    63
Dodge: Dodged            |    19 |    54 |   114 |   376 ||   563
Block: Buckler           |       |       |       |    25 ||    25
